SNL (28 & UNDER)
SANTA FE DIABLOS @ WEST PALM REDS
05/21/2023
 
TOP OF THE 1ST
Santa Fe Diablos batting - Pitching for West Palm Reds : LHP Pat Candelária
Pitching: LHP Pat Candelária
Batting: RHB Henning Huisman 0-0: DOUBLE (Flyball, 89XD)
Batting: RHB Robinson Pacheco 0-0: SINGLE (Groundball, 6MD)
Henning Huisman to third
Runner from 3rd tries for Home, throw and OUT!
Robinson Pacheco to second
Batting: RHB Randy Sheppard 0-0: Ball
1-0: Ball
2-0: Ball
3-0: Called Strike
3-1: SINGLE (Groundball, 4D)
Robinson Pacheco to third
Throwing error, E9
Robinson Pacheco scores
Randy Sheppard to second
Batting: RHB Roberto Zamora 0-0: Ball
1-0: Ground out 5-3 (Groundball, 5S)
Randy Sheppard to third
Batting: SHB António Hernández 0-0: Foul Ball, location: 2F
0-1: Swinging Strike
0-2: Ball
1-2: Strikes out swinging
Top of the 1st over - 1 run(s), 3 hit(s), 1 error(s), 1 left on base; Santa Fe 1 - West Palm 0
BOTTOM OF THE 1ST
West Palm Reds batting - Pitching for Santa Fe Diablos : RHP Honorato Mota
Pitching: RHP Honorato Mota
Batting: RHB Lorenzo Guzmán 0-0: Ball
1-0: Fly out, F8 (Flyball, 8LXD)
Batting: RHB Juan Vareas 0-0: Ball
1-0: Ball
2-0: Ball
3-0: Base on Balls
Batting: LHB Enrique Cortéz 0-0: Ball
1-0: Ball
2-0: Ball
3-0: Base on Balls
Juan Vareas to second
Batting: SHB Todd Smith 0-0: Called Strike
0-1: Ball
1-1: Swinging Strike
1-2: SINGLE (Flyball, 7S)
Juan Vareas to third
Enrique Cortéz to second
Runner from 3rd tries for Home, SAFE, no throw or cutoff
Batting: RHB Jack Ray 0-0: Ball
1-0: Swinging Strike
1-1: Swinging Strike
1-2: Strikes out swinging
Batting: LHB Jeff Doss 0-0: Ground out 3-1 (Groundball, 34)
Bottom of the 1st over - 1 run(s), 1 hit(s), 0 error(s), 2 left on base; Santa Fe 1 - West Palm 1
TOP OF THE 2ND
Santa Fe Diablos batting - Pitching for West Palm Reds : LHP Pat Candelária
Batting: RHB Arnold Harmon 0-0: Ball
1-0: SINGLE (Line Drive, 3S)
Batting: RHB Michael Anderson 0-0: Ball
1-0: Called Strike
1-1: Foul Ball, location: 2F
Balk!
Arnold Harmon to second
1-2: Ground out 6-3 (Groundball, 6)
Arnold Harmon to third
Batting: LHB Roberto Sandoval 0-0: Called Strike
0-1: Swinging Strike
0-2: Strikes out looking
Batting: RHB Keith Jones 0-0: Swinging Strike
0-1: Ball
1-1: Ball
2-1: Foul Ball, location: 2F
2-2: Ball
3-2: Foul Ball, location: 2F
3-2: Strikes out swinging
Top of the 2nd over - 0 run(s), 1 hit(s), 0 error(s), 1 left on base; Santa Fe 1 - West Palm 1
BOTTOM OF THE 2ND
West Palm Reds batting - Pitching for Santa Fe Diablos : RHP Honorato Mota
Batting: LHB Bill Smith 0-0: Swinging Strike
0-1: DOUBLE (Line Drive, 9LS)
Batting: LHB Bob Martin 0-0: Ball
1-0: Foul Ball, location: 2F
1-1: Foul Ball, location: 2F
1-2: Strikes out swinging
Batting: SHB Alex Hayes 0-0: Swinging Strike
0-1: Fly out, F8 (Flyball, 8RS)
Batting: RHB Lorenzo Guzmán 0-0: Ball
1-0: Called Strike
1-1: Ball
2-1: Foul Ball, location: 2F
2-2: Strikes out swinging
Bottom of the 2nd over - 0 run(s), 1 hit(s), 0 error(s), 1 left on base; Santa Fe 1 - West Palm 1
TOP OF THE 3RD
Santa Fe Diablos batting - Pitching for West Palm Reds : LHP Pat Candelária
Batting: RHB Henning Huisman 0-0: Foul Ball, location: 2F
0-1: Called Strike
0-2: Ball
1-2: Strikes out looking
Batting: RHB Robinson Pacheco 0-0: Called Strike
0-1: Called Strike
0-2: Ball
1-2: Ball
2-2: Ball
3-2: Foul Ball, location: 2F
3-2: Ground out 5-3 (Groundball, 5S)
Batting: RHB Randy Sheppard 0-0: Ball
1-0: Called Strike
1-1: Ball
2-1: Foul Ball, location: 2F
2-2: Foul Ball, location: 2F
2-2: SINGLE (Groundball, 6MD)
Batting: RHB Roberto Zamora 0-0: Swinging Strike
0-1: Called Strike
0-2: Foul Ball, location: 2F
0-2: Ball
Randy Sheppard steals 2nd base
1-2: Ball
2-2: Ball
3-2: Strikes out looking
Top of the 3rd over - 0 run(s), 1 hit(s), 0 error(s), 1 left on base; Santa Fe 1 - West Palm 1
BOTTOM OF THE 3RD
West Palm Reds batting - Pitching for Santa Fe Diablos : RHP Honorato Mota
Batting: RHB Juan Vareas 0-0: Ball
1-0: Ball
2-0: Called Strike
2-1: Called Strike
2-2: Ball
3-2: Foul Ball, location: 2F
3-2: SINGLE (Groundball, 6MD)
Batting: LHB Enrique Cortéz 0-0: Fly out, F9 (Flyball, 9D)
Batting: SHB Todd Smith 0-0: Called Strike
0-1: Ground out 3-1 (Groundball, 34)
Juan Vareas to second
Batting: RHB Jack Ray 0-0: Foul Ball, location: 2F
0-1: Ball
1-1: Ball
2-1: Swinging Strike
2-2: Fly out, F9 (Flyball, 9S)
Bottom of the 3rd over - 0 run(s), 1 hit(s), 0 error(s), 1 left on base; Santa Fe 1 - West Palm 1
TOP OF THE 4TH
Santa Fe Diablos batting - Pitching for West Palm Reds : LHP Pat Candelária
Batting: SHB António Hernández 0-0: Swinging Strike
0-1: Ball
1-1: Foul Ball, location: 2F
1-2: Ball
2-2: Ball
3-2: Strikes out swinging
Batting: RHB Arnold Harmon 0-0: Ball
1-0: Foul Ball, location: 2F
1-1: Ball
2-1: Foul Ball, location: 2F
2-2: Foul Ball, location: 2F
2-2: Strikes out swinging
Batting: RHB Michael Anderson 0-0: Swinging Strike
0-1: Swinging Strike
0-2: Ball
1-2: Strikes out swinging
Top of the 4th over - 0 run(s), 0 hit(s), 0 error(s), 0 left on base; Santa Fe 1 - West Palm 1
BOTTOM OF THE 4TH
West Palm Reds batting - Pitching for Santa Fe Diablos : RHP Honorato Mota
Batting: LHB Jeff Doss 0-0: Called Strike
0-1: Ball
1-1: Ball
2-1: Ball
3-1: Base on Balls
Batting: LHB Bill Smith 0-0: Ball
1-0: Called Strike
1-1: Ball
2-1: 2-RUN HOME RUN (Flyball, 89XD), Distance : 418 ft
Batting: LHB Bob Martin 0-0: Ball
1-0: Ball
2-0: Called Strike
2-1: Swinging Strike
2-2: Strikes out looking
Batting: SHB Alex Hayes 0-0: Fly out, F8 (Flyball, 8LM)
Batting: RHB Lorenzo Guzmán 0-0: Ball
1-0: Ball
2-0: Ball
3-0: Called Strike
3-1: Base on Balls
Batting: RHB Juan Vareas 0-0: Called Strike
0-1: Ball
1-1: Ball
2-1: Called Strike
2-2: Ground out 6-3 (Groundball, 6)
Bottom of the 4th over - 2 run(s), 1 hit(s), 0 error(s), 1 left on base; Santa Fe 1 - West Palm 3
TOP OF THE 5TH
Santa Fe Diablos batting - Pitching for West Palm Reds : LHP Pat Candelária
Batting: LHB Roberto Sandoval 0-0: Ball
1-0: Ball
2-0: Ground out 5-3 (Groundball, 15S)
Batting: RHB Keith Jones 0-0: Ball
1-0: Ball
2-0: Swinging Strike
2-1: Foul Ball, location: 2F
2-2: Ball
3-2: Base on Balls
Batting: RHB Henning Huisman 0-0: Fly out, F9 (Flyball, 9LMF)
Batting: RHB Robinson Pacheco 0-0: Foul Ball, location: 2F
0-1: Ball
1-1: Foul Ball, location: 2F
1-2: Foul Ball, location: 2F
1-2: Foul Ball, location: 2F
1-2: Ball
2-2: SINGLE (Line Drive, 8LS)
Keith Jones to second
Batting: RHB Randy Sheppard 0-0: Ball
1-0: Called Strike
1-1: Fly out, F8 (Flyball, 8LM)
Top of the 5th over - 0 run(s), 1 hit(s), 0 error(s), 2 left on base; Santa Fe 1 - West Palm 3
BOTTOM OF THE 5TH
West Palm Reds batting - Pitching for Santa Fe Diablos : RHP Honorato Mota
Batting: LHB Enrique Cortéz 0-0: Ball
1-0: Called Strike
1-1: DOUBLE (Line Drive, 5D)
Batting: SHB Todd Smith 0-0: Fly out, F7 (Line Drive, 7LM)
Batting: RHB Jack Ray 0-0: Called Strike
0-1: Ball
1-1: Called Strike
1-2: Strikes out swinging
Batting: LHB Jeff Doss 0-0: Foul Ball, location: 2F
0-1: Ball
1-1: Ball
2-1: Ground out 6-3 (Groundball, 6M)
Bottom of the 5th over - 0 run(s), 1 hit(s), 0 error(s), 1 left on base; Santa Fe 1 - West Palm 3
TOP OF THE 6TH
Santa Fe Diablos batting - Pitching for West Palm Reds : LHP Pat Candelária
Batting: RHB Roberto Zamora 0-0: Ground out 5-3 (Groundball, 5S)
Batting: SHB António Hernández 0-0: Foul Ball, location: 2F
0-1: Foul Ball, location: 2F
0-2: Strikes out swinging
Batting: RHB Arnold Harmon 0-0: Ball
1-0: Ball
2-0: Ball
3-0: Called Strike
3-1: Base on Balls
Pitching: LHP Francisco Nieto
Batting: RHB Michael Anderson 0-0: Ball
1-0: Ball
2-0: Foul Ball, location: 2F
2-1: Foul Ball, location: 2F
2-2: Ball
3-2: Strikes out looking
Top of the 6th over - 0 run(s), 0 hit(s), 0 error(s), 1 left on base; Santa Fe 1 - West Palm 3
BOTTOM OF THE 6TH
West Palm Reds batting - Pitching for Santa Fe Diablos : RHP Honorato Mota
Batting: LHB Bill Smith 0-0: Ball
1-0: Ball
2-0: Foul Ball, location: 2F
2-1: Ball
3-1: Base on Balls
Batting: LHB Bob Martin 0-0: Ball
1-0: Foul Ball, location: 2F
1-1: Ball
2-1: Swinging Strike
2-2: Foul Ball, location: 2F
2-2: 2-RUN HOME RUN (Flyball, 89XD), Distance : 437 ft
Pitching: RHP Raúl Gómez
Batting: SHB Alex Hayes 0-0: SINGLE (Line Drive, 7S)
Batting: RHB Lorenzo Guzmán 0-0: Ball
1-0: Called Strike
1-1: Foul Ball, location: 2F
1-2: Ground out 3-1 (Groundball, 34)
Alex Hayes to second
Batting: RHB Juan Vareas 0-0: Called Strike
0-1: Ball
1-1: SINGLE (Flyball, 7S)
Alex Hayes to third
Runner from 3rd tries for Home, SAFE, throw made home
Juan Vareas to second
Batting: LHB Enrique Cortéz 0-0: SINGLE (Groundball, 4MD)
Juan Vareas to third
Runner from 3rd tries for Home, SAFE, throw made home
Enrique Cortéz to second
Batting: SHB Todd Smith 0-0: Called Strike
0-1: SINGLE (Line Drive, 4M)
Enrique Cortéz to third
Batting: RHB Jack Ray 0-0: DOUBLE (Line Drive, 5D)
Enrique Cortéz scores
Todd Smith to third
Pitching: LHP Doug Starks
Batting: LHB Jeff Doss 0-0: Foul Ball, location: 2F
0-1: Fly out, F6 (Popup, 6D)
Batting: LHB Bill Smith 0-0: Ball
1-0: Ball
2-0: Called Strike
2-1: Ball
3-1: Base on Balls
Batting: LHB Bob Martin 0-0: Called Strike
0-1: Called Strike
0-2: Ball
1-2: Foul Ball, location: 2F
1-2: Foul Ball, location: 2F
1-2: Ball
2-2: SINGLE (Flyball, 89S)
Todd Smith scores
Jack Ray to third
Bill Smith to second
Runner from 3rd tries for Home, SAFE, no throw or cutoff
Batting: SHB Alex Hayes 0-0: Ball
1-0: Fly out, F7 (Line Drive, 7S)
Bottom of the 6th over - 7 run(s), 7 hit(s), 0 error(s), 2 left on base; Santa Fe 1 - West Palm 10
TOP OF THE 7TH
Santa Fe Diablos batting - Pitching for West Palm Reds : LHP Francisco Nieto
Batting: LHB Roberto Sandoval 0-0: Called Strike
0-1: Foul Ball, location: 2F
0-2: Ball
1-2: Strikes out swinging
Batting: RHB Keith Jones 0-0: Ball
1-0: Ground out 5-3 (Groundball, 5)
Batting: RHB Henning Huisman 0-0: Swinging Strike
0-1: Swinging Strike
0-2: Strikes out swinging
Top of the 7th over - 0 run(s), 0 hit(s), 0 error(s), 0 left on base; Santa Fe 1 - West Palm 10
BOTTOM OF THE 7TH
West Palm Reds batting - Pitching for Santa Fe Diablos : LHP Doug Starks
Batting: RHB Lorenzo Guzmán 0-0: Fly out, F9 (Flyball, 9LMF)
Batting: RHB Juan Vareas 0-0: Ball
1-0: Called Strike
1-1: Fly out, F8 (Flyball, 8LM)
Batting: LHB Enrique Cortéz 0-0: Ball
1-0: Called Strike
1-1: Fly out, F7 (Flyball, 7S)
Bottom of the 7th over - 0 run(s), 0 hit(s), 0 error(s), 0 left on base; Santa Fe 1 - West Palm 10
TOP OF THE 8TH
Santa Fe Diablos batting - Pitching for West Palm Reds : LHP Francisco Nieto
Now at 1B: Félix García
Batting: RHB Robinson Pacheco 0-0: Called Strike
0-1: Foul Ball, location: 2F
0-2: Ground out 6-3 (Groundball, 6M)
Batting: RHB Randy Sheppard 0-0: Swinging Strike
0-1: Foul Ball, location: 2F
0-2: Ball
1-2: Ball
2-2: Ball
3-2: Base on Balls
Batting: RHB Roberto Zamora 0-0: Ball
1-0: Swinging Strike
1-1: Foul Ball, location: 2F
1-2: Ground out 5-3 (Groundball, 6S)
Randy Sheppard to second
Batting: SHB António Hernández 0-0: Ball
1-0: Called Strike
1-1: DOUBLE (Flyball, 78D)
Randy Sheppard scores
Batting: RHB Arnold Harmon 0-0: Fly out, F4 (Popup, 4)
Top of the 8th over - 1 run(s), 1 hit(s), 0 error(s), 1 left on base; Santa Fe 2 - West Palm 10
BOTTOM OF THE 8TH
West Palm Reds batting - Pitching for Santa Fe Diablos : LHP Doug Starks
Batting: SHB Todd Smith 0-0: Called Strike
0-1: Ball
1-1: Ball
2-1: Fly out, F9 (Popup, 4D)
Pitching: RHP Bartolo Muńóz
Batting: RHB Jack Ray 0-0: Fly out, F8 (Flyball, 8LM)
Batting: LHB Jeff Doss 0-0: Called Strike
0-1: Foul Ball, location: 2F
0-2: Foul Ball, location: 2F
0-2: Foul Ball, location: 2F
0-2: Strikes out looking
Bottom of the 8th over - 0 run(s), 0 hit(s), 0 error(s), 0 left on base; Santa Fe 2 - West Palm 10
TOP OF THE 9TH
Santa Fe Diablos batting - Pitching for West Palm Reds : LHP Francisco Nieto
Now in CF: Jermaine Carter
Batting: RHB Michael Anderson 0-0: SINGLE (Line Drive, 78S)
Batting: LHB Roberto Sandoval 0-0: Called Strike
0-1: Foul Ball, location: 2F
0-2: Grounds into double play, 4-6-3 (Groundball, 4)
Batting: RHB Keith Jones 0-0: Ball
1-0: Ball
2-0: Called Strike
2-1: Ball
3-1: Base on Balls
Batting: RHB Henning Huisman 0-0: Called Strike
0-1: Foul Ball, location: 2F
0-2: Ball
1-2: Ball
2-2: Ball
3-2: Foul Ball, location: 2F
3-2: Fly out, F5 (Popup, 25)
Top of the 9th over - 0 run(s), 1 hit(s), 0 error(s), 1 left on base; Santa Fe 2 - West Palm 10
This league is powered by Out of the Park Baseball, the baseball management simulation game for PC, Mac and Linux
Wednesday, December 2nd, 2015 - OOTP Baseball 16.8 Build 38